 Dungeon Crawl Stone Soup version 0.23.2-33-g5129a83184 (webtiles) character file.

Game seed: 7437732676775818506

9068 Kold the Destroyer (level 11, -9/85 (86) HPs)
             Began as a Yellow Draconian Conjurer on July 23, 2019.
             Was an Elder of Vehumet.
             Killed from afar by a death drake (13 damage)
             ... with a foul vapour
             ... in a Gauntlet on July 27, 2019.
             The game lasted 00:36:00 (12241 turns).

Kold the Destroyer (Yellow Draconian Conjurer)     Turns: 12241, Time: 00:36:01

HP:   -9/85 (86)    AC: 12    Str: 11    XL:     11   Next: 18%
MP:   13/26         EV: 17    Int: 19    God:    Vehumet [****..]
Gold: 633           SH:  0    Dex: 13    Spells: 2/18 levels left

rFire    . . .     SeeInvis .   x - staff of wizardry
rCold    + . .     Gourm    .   (no shield)
rNeg     . . .     Faith    .   (armour unavailable)
rPois    .         Spirit   .   i - +1 hat {MR+}
rElec    .         Reflect  .   G - +0 cloak (curse)
rCorr    +         Harm     .   B - +2 pair of gloves "Wiybeow" {Dex+2}
MR       +....     NoTele   +   (no boots)
Stlth    ++........             (no amulet)
HPRegen  0.24/turn              y - ring of protection from cold
MPRegen  0.20/turn              k - ring of magical power

@: lethally poisoned (-9 -> -24), short of breath, very slightly contaminated,
hasted and slowed, drained
A: spit acid, unfitting armour, cold-blooded, acid resistance, AC +7
a: Breathe Acid, Renounce Religion


You were in a Gauntlet.
You worshipped Vehumet.
Vehumet was greatly pleased with you.
You were not hungry.

You visited 3 branches of the dungeon, and saw 12 of its levels.
You also visited: Gauntlet.

You collected 633 gold pieces.

Inventory:

Hand Weapons
 q - a +3 whip of electrocution
Armour
 i - a +1 hat of magic resistance (worn)
 B - the +2 pair of gloves "Wiybeow" (worn) {Dex+2}
   (You found it on level 7 of the Dungeon)

   It affects your dexterity (+2).
 G - a cursed +0 cloak (worn)
Magical Staves
 s - an uncursed staff of earth
 x - an uncursed staff of wizardry (weapon)
Jewellery
 j - an uncursed ring of protection from magic
 k - a ring of magical power (right hand)
 r - an uncursed ring of protection from fire
 y - a ring of protection from cold (left hand)
 A - an uncursed ring of see invisible
 D - an uncursed ring of stealth
Wands
 d - a wand of enslavement (9)
 p - a wand of iceblast (15)
 E - a wand of random effects (9)
 F - a wand of acid (20)
Scrolls
 c - 5 scrolls of teleportation
 e - 2 scrolls of blinking
 f - 2 scrolls of fog
 g - a scroll of noise
 h - 6 scrolls of identify
 l - 4 scrolls of remove curse
 m - 2 scrolls of magic mapping
 v - 2 scrolls of enchant weapon
Potions
 n - 2 potions of berserk rage
 o - 3 potions of might
 u - a potion of resistance
Comestibles
 b - 20 rations


   Skills:
 - Level 5.0(4.4) Fighting
 + Level 8.8(8.1) Dodging
 - Level 2.0(1.4) Stealth
 + Level 4.4(3.8) Spellcasting
 + Level 12.4(11.6) Conjurations
 - Level 3.0(2.4) Hexes
 * Level 1.1(0.5) Charms
 - Level 4.0(3.4) Evocations


You had 2 spell levels left.
You knew the following spells:

 Your Spells              Type           Power        Failure   Level  Hunger
a - Magic Dart            Conj           ####         1%          1    None
b - Searing Ray           Conj           #####.       1%          2    ##.....
c - Iskenderun's Mystic   Conj           #####...     1%          4    ####...
d - Fulminant Prism       Conj/Hex       ####......   1%          4    ####...
e - Iskenderun's Battles  Conj/Chrm      ####....     4%          5    ######.

Your spell library contained the following spells:

 Spells                   Type           Power        Failure   Level  Hunger
 Throw Frost              Conj/Ice       ####..       1%          2    ##.....
 Call Imp                 Summ           #.......     9%          2    ##.....
 Dazzling Spray           Conj/Hex       ####..       1%          3    ###....
 Force Lance              Conj/Tloc      ####....     1%          4    ####...
 Summon Ice Beast         Ice/Summ       #.......     45%         4    ####...
 Ozocubu's Refrigeration  Ice            #.........   85%         6    #######
 Shadow Creatures         Summ           N/A          100%        6    #######


Dungeon Overview and Level Annotations

Branches:
Dungeon (10/15)            Temple (1/1) D:7            Lair (1/6) D:9
    Orc: D:9-12

Altars:
Elyvilon
Fedhas
Gozag
Nemelex Xobeh
Ru
Trog
Vehumet
Wu Jian
Xom
Zin

Annotations:
D:10 1 runed translucent door, Frank's ghost, journeyman OpFi Gauntlet 13 transporters


Innate Abilities, Weirdness & Mutations

You can spit globs of acid.
Your golden yellow scales are hard. (AC +7)
You cannot fit into any form of body armour.
You are cold-blooded and may be slowed by cold attacks.
You are resistant to acid. (rCorr)


Message History

The spectral wolf spider closely misses you.
You feel yourself speed up.
The spectral wolf spider hits you but does no damage.
The spectral wolf spider bites you but does no damage.
The death drake breathes miasma at you.
The foul vapour engulfs the spectral wolf spider.
The spectral wolf spider completely resists.
The spectral wolf spider barely misses you.
The spectral wolf spider completely misses you.
Blink to where?
Press: ? - help, Dir - move target cursor, p - spectral centaur warrior You are very lightly contaminated with residual magic.
As you read the scroll of blinking, it crumbles to dust.
You see here a scroll of enchant weapon.
The death drake breathes miasma at you. The foul vapour engulfs you!
You are lethally poisoned!
You feel your flesh rotting away!
You feel as though you will be slow longer.
You die...

.........#.#.......°°#.#...#D#...
.##...##.#.#.#...###°#.#..#w..#..
.#.###.#Y#.#...###.°Z#.#.##...##.
..##.##.Y#.#.#.#...#.#.##..#.#..#
....©....#.#.#..Z#.#.#.#D...©....
..##.##.Y#.#...###.Z.#.##..#.#..#
.#.###.#.#.#.###.k.#.#.#.#######.
.##...##.#.#.#..☼#.#.#.#..#...#.w
..[(©=Yp.#.#..=$@.?..#.#w.=[©.(.D
##########.###########.##########
.................................
.................................
#################################
# #8# #8# #8# #8# #8# #8##≈......
# ### ### ### ### ### ####8..©.©.
#§...... ###.#.##


You could see a death drake and a redback zombie.

Vanquished Creatures
  Maurice (D:8)
  A centaur skeleton (D:10)
  A troll (D:7)
  2 hippogriffs
  6 yaks (D:9)
  A wraith (D:10)
  2 wyverns
  4 hogs
  3 hungry ghosts
  A human (D:7)
  A golden eye (Gauntlet)
  A steam dragon (D:7)
  Menkaure (D:5)
  3 swamp worms (Gauntlet)
  2 porcupines (D:9)
  3 orc warriors (D:7)
  3 ice beasts
  2 black bears (D:9)
  3 ogres
  3 phantoms
  2 centaurs
  12 bullfrogs
  A wyvern skeleton (D:8)
  2 scorpions
  6 killer bees (D:9)
  5 howler monkeys
  9 wights
  A jelly (D:7)
  4 crimson imps
  2 bullfrog zombies
  A gnoll shaman (D:7)
  3 hounds
  5 orc priests
  Jessica (D:2)
  2 bullfrog skeletons
  5 iguanas
  5 orc wizards
  9 worker ants
  A hound zombie (D:5)
  A hound skeleton (D:7)
  A howler monkey zombie (D:7)
  11 adders
  11 gnolls
  2 shadow imps
  4 oozes
  A worm (D:3)
  An adder skeleton (D:5)
  An adder zombie (D:4)
  3 dart slugs
  6 leopard geckos
  29 orcs
  A ball python (D:4)
  9 bats
  5 giant cockroaches
  4 goblins
  5 hobgoblins
  9 jackals
  A quokka (D:4)
  6 frilled lizards
  2 jackal skeletons
  7 kobolds
  5 leopard gecko skeletons
  A quokka skeleton (D:7)
  14 rats
  A fungus (Gauntlet)
  A plant (Gauntlet)
262 creatures vanquished.

Vanquished Creatures (others)
  2 fulminant prisms (D:7)
  4 fungi
  6 plants
12 creatures vanquished.

Grand Total: 274 creatures vanquished

Notes
Turn   | Place    | Note
-------+----------+-------------------------------------------
     0 | D:1      | Kold the Draconian Conjurer began the quest for the Orb.
     0 | D:1      | Reached XP level 1. HP: 14/14 MP: 3/3
   105 | D:1      | Reached XP level 2. HP: 16/20 MP: 0/5
   418 | D:1      | Reached XP level 3. HP: 26/26 MP: 0/6
  1157 | D:2      | Reached skill level 5 in Conjurations
  1157 | D:2      | Reached XP level 4. HP: 30/33 MP: 8/8
  1161 | D:2      | Learned a level 2 spell: Searing Ray
  1166 | D:2      | Learned a level 4 spell: Iskenderun's Mystic Blast
  1255 | D:2      | Noticed Jessica
  1261 | D:2      | Killed Jessica
  1449 | D:3      | Found a blossoming altar of Fedhas.
  1813 | D:3      | Reached XP level 5. HP: 11/38 MP: 3/9
  2452 | D:3      | Found a radiant altar of Vehumet.
  2455 | D:3      | Found a glowing silver altar of Zin.
  2481 | D:3      | Became a worshipper of Vehumet
  2762 | D:4      | Reached skill level 6 in Conjurations
  2888 | D:4      | Noticed an ogre
  2893 | D:4      | Killed an ogre
  2893 | D:4      | Reached XP level 6. HP: 45/45 MP: 9/11
  3137 | D:4      | Reached skill level 7 in Conjurations
  3311 | D:4      | Found a shimmering altar of Xom.
  3411 | D:4      | Your scales start taking on a golden yellow colour.
  3411 | D:4      | Reached XP level 7. HP: 50/50 MP: 13/13
  3411 | D:4      | Gained mutation: You are resistant to acid. (rCorr) [Yellow
                  | Draconian growth]
  3973 | D:4      | Reached * piety under Vehumet
  3973 | D:4      | Offered knowledge of Freeze by Vehumet.
  3984 | D:4      | Reached skill level 8 in Conjurations
  4050 | D:4      | Learned a level 4 spell: Fulminant Prism
  4223 | D:5      | Entered Level 5 of the Dungeon
  4423 | D:5      | Found an ornate altar of the Wu Jian Council.
  4446 | D:5      | Reached skill level 1 in Fighting
  4446 | D:5      | Reached skill level 1 in Hexes
  4555 | D:5      | Reached XP level 8. HP: 51/60 MP: 14/14
  4977 | D:5      | Reached skill level 9 in Conjurations
  5177 | D:5      | Noticed Menkaure
  5180 | D:5      | Killed Menkaure
  5522 | D:6      | Offered knowledge of Sting by Vehumet.
  5807 | D:6      | Found a sparkling altar of Nemelex Xobeh.
  6153 | D:7      | Reached ** piety under Vehumet
  6427 | D:7      | Identified Sif Muna's Guide on the Supportive Snowflakes
  6430 | D:7      | Noticed a troll
  6436 | D:7      | Killed a troll
  6436 | D:7      | Reached XP level 9. HP: 31/71 MP: 15/15
  6913 | D:7      | Got a pair of polished gloves
  6924 | D:7      | Identified the +2 pair of gloves "Wiybeow" {Dex+2} (You
                  | found it on level 7 of the Dungeon)
  6943 | D:7      | Found a staircase to the Ecumenical Temple.
  6951 | D:7      | Reached skill level 10 in Conjurations
  6958 | Temple   | Entered the Ecumenical Temple
  7090 | D:7      | Reached skill level 5 in Fighting
  7111 | D:7      | Reached skill level 5 in Dodging
  7969 | D:6      | Offered knowledge of Mephitic Cloud by Vehumet.
  8055 | D:7      | Reached skill level 11 in Conjurations
  8111 | D:8      | Noticed Maurice
  8113 | D:8      | Reached XP level 10. HP: 81/81 MP: 15/16
  8410 | D:7      | Reached *** piety under Vehumet
  8618 | D:8      | Reached skill level 1 in Evocations
  8722 | D:8      | Killed Maurice
  8730 | D:8      | Offered knowledge of Conjure Flame by Vehumet.
  9505 | D:9      | Found a staircase to the Lair.
  9657 | D:9      | Reached **** piety under Vehumet
 10650 | D:9      | Reached skill level 12 in Conjurations
 10653 | D:9      | Offered knowledge of Iskenderun's Battlesphere by Vehumet.
 10763 | D:9      | Learned a level 5 spell: Iskenderun's Battlesphere
 10815 | D:9      | Reached XP level 11. HP: 78/86 MP: 15/17
 10958 | D:10     | Entered Level 10 of the Dungeon
 11035 | D:10     | Found a runed translucent door.
 11035 | D:10     | Noticed Frank's ghost (journeyman OpFi)
 11506 | D:10     | Found a white marble altar of Elyvilon.
 11595 | Lair:1   | Entered Level 1 of the Lair of Beasts
 11649 | Lair:1   | Found a gate leading to a gauntlet.
 11664 | Gauntlet | Entered a Gauntlet
 11664 | Gauntlet | Found a transporter.
 11674 | Gauntlet | Found a transporter.
 11688 | Gauntlet | Found a transporter.
 11693 | Gauntlet | Found a transporter.
 11708 | Gauntlet | Found a transporter.
 11709 | Gauntlet | Noticed a necromancer
 11717 | Gauntlet | Noticed a death yak
 11717 | Gauntlet | Noticed a death yak
 11719 | Gauntlet | Noticed a death yak
 11727 | Gauntlet | Found a transporter.
 11727 | Gauntlet | Noticed a death drake
 11739 | Gauntlet | Found a transporter.
 11746 | Gauntlet | Found a transporter.
 11753 | Gauntlet | Noticed a five-headed hydra
 11761 | Gauntlet | Found a transporter.
 11761 | Gauntlet | Noticed a catoblepas
 11767 | Gauntlet | Found a transporter.
 11782 | Gauntlet | Found a transporter.
 11788 | Gauntlet | Found a transporter.
 11799 | Gauntlet | Noticed a sixfirhy
 11801 | Gauntlet | Noticed a sixfirhy
 11803 | Gauntlet | Found a transporter.
 11806 | Gauntlet | Noticed a sixfirhy
 11820 | Gauntlet | Found a transporter.
 11840 | Gauntlet | Found a transporter.
 11867 | Gauntlet | Found a transporter.
 11885 | Gauntlet | Found a transporter.
 11887 | Gauntlet | Found a transporter.
 11964 | Gauntlet | Reached skill level 1 in Charms
 12236 | Gauntlet | HP: 2/86 [spectral wolf spider (13)]
 12241 | Gauntlet | Killed from afar by a death drake

Skill      XL: |  1  2  3  4  5  6  7  8  9 10 11 |
---------------+----------------------------------+-----
Stealth        | 2 |  2.0
Dodging        | 2 4 6 8 |  8.8
Conjurations   | 5 6 7 8 9 11 12 | 12.4
Spellcasting   | 3 4 |  4.4
Fighting       | 1 4 5 |  5.0
Hexes          | 1 3 |  3.0
Evocations     | 4 |  4.0
Charms         | 1 |  1.1

Action                   |  1- 3 |  4- 6 |  7- 9 | 10-12 || total
-------------------------+-------+-------+-------+-------++-------
Melee: Unarmed           |    23 |       |       |       ||    23
       Tailslap          |     7 |       |     6 |     2 ||    15
       Club              |    28 |     1 |       |       ||    29
       Whip              |       |     2 |    14 |       ||    16
       Staff             |       |       |    20 |    45 ||    65
 Cast: Magic Dart        |    61 |   110 |   193 |   133 ||   497
       Searing Ray       |       |    12 |    27 |    35 ||    74
       Iskenderun's Myst |       |     1 |    25 |    48 ||    74
       Fulminant Prism   |       |       |     2 |       ||     2
       Iskenderun's Batt |       |       |       |    11 ||    11
 Abil: Breathe Acid      |       |       |     3 |     4 ||     7
Evoke: Wand              |       |       |       |     1 ||     1
  Use: Scroll            |       |       |     3 |    10 ||    13
       Potion            |       |       |     3 |     7 ||    10
 Stab: Sleeping          |     1 |       |       |       ||     1
       Invisible         |       |       |       |     1 ||     1
  Eat: Chunk             |     1 |     4 |    17 |    16 ||    38
       Ration            |       |     1 |     1 |     3 ||     5
Armor: Skin              |    22 |     9 |    56 |    83 ||   170
Dodge: Dodged            |    56 |    32 |   121 |   209 ||   418
